 Dungeon Crawl Stone Soup version 0.27.1-2-g3b301248ec (webtiles) character file.

Game seed: 7482306217820787049

24 e0n the Magician (level 3, -1/25 HPs)
             Began as a Djinni Fire Elementalist on Sept 28, 2021.
             Frozen to death by an endoplasm (3 damage)
             ... on level 1 of the Dungeon.
             The game lasted 00:03:42 (923 turns).

e0n the Magician (Djinni Fire Elementalist)          Turns: 923, Time: 00:03:43

Health: -1/25      AC:  2    Str:  7    XL:     3   Next: 15%
Gold:   0          EV: 12    Int: 17    God:
                   SH:  0    Dex: 13

rFire    + + .     SeeInvis .   c - +0 dagger
rCold    x . .     Faith    .   (no shield)
rNeg     . . .     Spirit   .   a - +0 robe
rPois    ∞         Reflect  .   (no helmet)
rElec    .         Harm     .   (no cloak)
rCorr    .         Rampage  .   (no gloves)
Will     .....                  (boots unavailable)
Stlth    ++........             (no amulet)
HPRegen  0.08/turn              (no ring)
MPRegen  0.00/turn              (no ring)

@: flying
A: sickness immunity, fire resistance 2, cold vulnerability 1, float, innate
caster, hp casting, extra vitality 1
a: no special abilities


You were on level 1 of the Dungeon.
You visited 1 branch of the dungeon, and saw 1 of its levels.

Inventory:

Hand Weapons
 c - a +0 dagger (weapon)
Missiles
 d - 44 stones
Armour
 a - a +0 robe (worn)
Scrolls
 b - a scroll of identify {unknown}


   Skills:
 + Level 2.5 Dodging
 + Level 1.5 Stealth
 + Level 0.6 Unarmed Combat
 + Level 3.0 Spellcasting


You couldn't memorise any spells.
You knew the following spells:

 Your Spells              Type           Power      Damage    Failure   Level
a - Foxfire               Conj/Fire      48%        2x1d6     4%          1
b - Conjure Flame         Conj/Fire      12%        6-21      16%         3
c - Inner Flame           Hex/Fire       12%        N/A       16%         3
d - Sticky Flame          Conj/Fire      12%        2d4       45%         4
e - Fireball              Conj/Fire      6%         3d5       80%         5
f - Beastly Appendage     Tmut           24%        N/A       4%          1
Your spell library was empty.

Dungeon Overview and Level Annotations

Branches:
Dungeon (1/15)

Altars:


Innate Abilities, Weirdness & Mutations

You are immune to sickness and miasma.
You are immune to poison.
Your flesh is very heat resistant. (rF++)
You are vulnerable to cold. (rC-)
You float through the air rather than walking.
You learn spells naturally, not from books.
Your magical power is your life essence.
You have superior vitality. (+4 HP)


Message History

The foxfire hits the hobgoblin.
The hobgoblin is moderately wounded.
You conjure some foxfire!
The hobgoblin closely misses you.
Your foxfire dissipates!
The foxfire hits the hobgoblin.
The hobgoblin is severely wounded.
You conjure some foxfire!
The hobgoblin completely misses you.
Your foxfire dissipates!
You conjure some foxfire!
The hobgoblin hits you but does no damage.
Your foxfire dissipates!
You conjure some foxfire!
The hobgoblin hits you.
Your foxfire dissipates!
The foxfire hits the hobgoblin.
You kill the hobgoblin!
You are too injured to fight recklessly!
You are too injured to fight recklessly!
The endoplasm jiggles.
You are too injured to fight recklessly!
You barely miss the endoplasm. The endoplasm barely misses you.
You hit the endoplasm.
The endoplasm is lightly wounded.
The endoplasm hits you.
You hit the endoplasm.
The endoplasm is moderately wounded.
The endoplasm freezes you.
You are frozen.
You feel a terrible chill!
You hit the endoplasm.
The endoplasm is severely wounded.
The endoplasm completely misses you.
You hit the endoplasm but do no damage.
The endoplasm is severely wounded.
The endoplasm freezes you.
You are frozen!
You feel a terrible chill!
* * * LOW HITPOINT WARNING * * *
You hit the endoplasm.
The endoplasm is almost dead.
The endoplasm freezes you.
You are frozen.
You feel a terrible chill!
You die...

.# ..... .# #.#.##
..... .## #....#
... #.. .....# ...
..# ##....####.#
..# ...>.....)# ..#
#..# #J#####.#
..##############..#
#.......#
.....§..........@.#
#.#######
..###############J#
#....†.# ....# #.#
######.# #.#.# #.#
#.# #.#.#
#.###########.#
###.#
#.............# #.#
############### #.#
###


You could see an endoplasm.

Vanquished Creatures
  3 dart slugs (D:1)
  An endoplasm (D:1)
  4 goblins (D:1)
  4 hobgoblins (D:1)
  A kobold (D:1)
  A frilled lizard (D:1)
  3 rats (D:1)
17 creatures vanquished.

Vanquished Creatures (others)
  37 foxfires (D:1)
37 creatures vanquished.

Grand Total: 54 creatures vanquished

Notes
Turn   | Place    | Note
-------+----------+-------------------------------------------
     0 | D:1      | e0n the Djinni Fire Elementalist began the quest for the
                  | Orb.
     0 | D:1      | Reached XP level 1. HP: 15/15 MP: 0/0
   186 | D:1      | Reached XP level 2. HP: 17/21 MP: 0/0
   692 | D:1      | Reached XP level 3. HP: 17/25 MP: 0/0
   692 | D:1      | Learned a level 1 spell: Beastly Appendage
   888 | D:1      | Reached skill level 3 in Spellcasting
   923 | D:1      | Frozen to death by an endoplasm

Illustrated notes

Levels and vault maps discovered:
D:1:      minmay_arrival_four_houses, layout_basic,
          ebering_ecumenical_altar_abandoned, kennysheep_nondescript

Skill      XL: |  1  2  3 |
---------------+----------+-----
Spellcasting   | 3 |  3.0
Dodging        | |  2.5
Stealth        | |  1.5
Unarmed Combat | |  0.6

Action                   || total
-------------------------++-------
Melee: Unarmed           ||    10
       Dagger            ||     6
 Cast: Foxfire           ||    26
Armor: Robe              ||     4
Dodge: Dodged            ||    14
